 Dungeon Crawl Stone Soup version 0.19.0-9-gfd783f2 (webtiles) character file.

68 mistymad the Gusty (level 4, -2/24 HPs)
             Began as a Tengu Air Elementalist on Nov 7, 2016.
             Killed from afar by an orc wizard (10 damage)
             ... with a puff of frost
             ... on level 2 of the Dungeon.
             The game lasted 00:05:13 (2184 turns).

mistymad the Gusty (Tengu Air Elementalist)         Turns: 2184, Time: 00:05:14

Health: -2/24      AC:  3    Str:  8    XL:     4   Next: 19%
Magic:  3/9        EV: 13    Int: 16    God:
Gold:   119        SH:  5    Dex: 15    Spells: 1 memorised, 7 levels left

rFire  . . .     SeeInvis .     (no weapon)
rCold  . . .     Gourm    .     a - +0 robe
rNeg   . . .     Faith    .     (no shield)
rPois  .         Spirit   .     (helmet restricted)
rElec  .         Reflect  +     (no cloak)
rCorr  .         Harm     .     p - +0 pair of gloves
MR     .....                    (boots unavailable)
Stlth  ++........               k - +5 amulet of reflection
                                (no ring)
                                (no ring)

@: no status effects
A: beak, talons 3
a: no special abilities


You were on level 2 of the Dungeon.
You were not hungry.

You visited 1 branch of the dungeon, and saw 3 of its levels.

You collected 119 gold pieces.

Inventory:

Hand Weapons
 j - a +2 short sword of venom
Armour
 a - a +0 robe (worn)
 p - a +0 pair of gloves (worn)
Jewellery
 k - a +5 amulet of reflection (around neck)
Scrolls
 h - a scroll of teleportation {unknown}
 i - a scroll of blinking {unknown}
 l - 2 scrolls of identify {unknown}
 m - a scroll of amnesia {unknown}
 n - a scroll of recharging {unknown}
 o - a scroll of enchant weapon {unknown}
 r - a scroll of fog {unknown}
Potions
 q - a potion of heal wounds {unknown}
 s - a potion of lignification {unknown}
Books
 b - a book of Air

   Spells                             Type                      Level
   a - Shock                          Conjuration/Air              1
   b - Swiftness                      Charms/Air                   2
   c - Repel Missiles                 Charms/Air                   2
   d - Static Discharge               Conjuration/Air              3
   e - Lightning Bolt                 Conjuration/Air              5
Comestibles
 c - 3 bread rations
 d - a chunk of flesh
 f - 3 meat rations
 g - 2 beef jerkies


   Skills:
 - Level 2.1 Dodging
 - Level 2.0 Stealth
 + Level 2.7 Spellcasting
 + Level 3.6 Conjurations
 + Level 4.6 Air Magic


You had 7 spell levels left.
You knew the following spells:

 Your Spells              Type           Power        Failure   Level  Hunger
a - Shock                 Conj/Air       ###.         4%          1    #......


Dungeon Overview and Level Annotations

Branches:
Dungeon (3/15)

Altars:
Ashenzari
Gozag
Hepliaklqana
Xom
Zin


Innate Abilities, Weirdness & Mutations

You have a beak for a mouth.
You have claws for feet.


Message History

Confirm with . or Enter, or press ? or * to list all spells.
Aiming: Shock
Press: ? - help, Shift-Dir - straight line, f - orc wizard
Aim: an orc wizard, wielding a dagger and wearing a robe
Okay, then.
You block the orc wizard's attack.
Casting: Shock
Confirm with . or Enter, or press ? or * to list all spells.
Aiming: Shock
Press: ? - help, Shift-Dir - straight line
Okay, then.
Casting: Shock
Confirm with . or Enter, or press ? or * to list all spells.
Aiming: Shock
Press: ? - help, Shift-Dir - straight line The zap misses the orc wizard.
The zap hits the orc wizard.
The orc wizard appears unharmed.
The orc wizard casts a spell at you. The puff of frost hits you!
You die...

....<..##...........#.........#
[.....###.#####.....####...####
####.## #.# #.....# #.###
.....####.# ####### #.#
#######...##############.#
#.##......>......#.#
#.##.#####.#####.#.# ##
####.##.#####o#####.#.#
.###............@........#
.....#####.#####.#####.###
####.#####.......#####.#
##......##.#####.......#
...#.##.##.# #########
####.##.##.# ####......)#
......#.#### ####.#..#


You could see an orc wizard.

Vanquished Creatures
  An adder (D:2)
  A worm (D:2)
  4 leopard geckos
  4 orcs (D:3)
  2 giant cockroaches (D:1)
  5 goblins
  5 hobgoblins
  5 jackals
  6 kobolds
  A quokka (D:2)
  4 bats
  A frilled lizard (D:2)
  6 rats
45 creatures vanquished.

Notes
Turn   | Place    | Note
-------+----------+-------------------------------------------
     0 | D:1      | mistymad the Tengu Air Elementalist began the quest for the Orb.
     0 | D:1      | Reached XP level 1. HP: 10/10 MP: 4/4
   124 | D:1      | Reached XP level 2. HP: 15/15 MP: 3/6
  1076 | D:2      | Reached XP level 3. HP: 17/19 MP: 0/7
  1613 | D:2      | Found a shattered altar of Ashenzari.
  1815 | D:2      | Found a shimmering altar of Xom.
  1817 | D:2      | Found a glowing silver altar of Zin.
  1817 | D:2      | Found a shadowy altar of Dithmenos.
  1819 | D:2      | Found an opulent altar of Gozag.
  1819 | D:2      | Found a shimmering altar of Xom.
  1819 | D:2      | Found a hazy altar of Hepliaklqana.
  1965 | D:3      | Reached XP level 4. HP: 24/24 MP: 1/8
  2184 | D:2      | Killed from afar by an orc wizard

Skill      XL: |  1  2 |
---------------+-------+-----
Conjurations   | 2 3 |  3.6
Dodging        | |  2.1
Stealth        | |  2.0
Spellcasting   | |  2.7
Air Magic      | |  4.6

Action                   |  1- 3 |  4- 6 || total
-------------------------+-------+-------++-------
Melee: Unarmed           |       |     1 ||     1
 Cast: Shock             |    85 |    21 ||   106
  Use: Potion            |       |     1 ||     1
  Eat: Chunk             |     4 |     1 ||     5
Armor: Robe              |     2 |     2 ||     4
Dodge: Dodged            |    10 |     6 ||    16
Block: Other             |     1 |     2 ||     3
       Reflection        |       |     1 ||     1
